AoeStats
← Josmarpi

Migration

509750405Analyzed
1v1 RM · 4d ago on Sep 27, 2026· 38m 25s· 2 players
Game mode
Random Map
Map size
132×132
Population
200
Speed
Normal
Resources
Standard
Victory
Conquest
Starting age
Dark Age
Ending age
Imperial Age
RankedLock teamsTeams togetherTeam positionsShared explorationLock speedFull tech treeHidden civsTurbo modeCheats
Victory
Defeat
🇲🇽 Vikings · Mexico
543
+12
🇻🇪 Shu · Venezuela
461
-12
Josmarpi
11:54 Feudal Age
11:25 Loom
13:42 Wheelbarrow
15:43 Man-at-Arms
17:16 Town Watch
18:22 Arson
23:01 Scale Mail Armor
23:12 Forging
24:36 Double-Bit Axe
32:06 Castle Age
34:25 Medium Warships
34:23 Padded Archer Armor
34:14 Fletching
35:40 Town Patrol
35:54 Bodkin Arrow
36:17 Leather Archer Armor
FaridHD
10:33 Feudal Age
11:06 Double-Bit Axe
13:13 Horse Collar
16:05 Man-at-Arms
17:32 Fishing Lines
19:46 Arson
23:52 Castle Age
24:04 Forging
23:55 Scale Mail Armor
24:17 Pikeman
24:19 Long Swordsman
25:36 Town Watch
26:56 Iron Casting
25:51 Elite Skirmisher
27:51 Squires
31:26 Medium Warships
31:55 Heavy Plow
32:10 Bow Saw
32:16 Gold Mining
32:23 Stone Mining
32:58 Loom
33:14 Town Patrol
36:13 Gillnets
39:58 Imperial Age
Connection lost

Rejoining the realm…

Still unreachable

The connection could not be restored.

Session expired

The server has moved on; the page needs a fresh start.